NYP
MAHONING VALLEY SCRAPPERS @ MINNESOTA (NYP) TWINS
08/02/2048
 
TOP OF THE 1ST
Mahoning Valley Scrappers batting - Pitching for Minnesota (NYP) Twins : LHP Ricky Lopez
Pitching: LHP Ricky Lopez
Batting: RHB Juan Ordonez 0-0: Swinging Strike
0-1: Called Strike
0-2: Ball
1-2: Ball
2-2: Ball
3-2: Strikes out swinging
Batting: RHB Ricky Cordova 0-0: Ball
1-0: Foul Ball, location: 2F
1-1: Ball
2-1: Ball
3-1: Ground out 4-3 (Groundball, 4M, EV 86.9 MPH)
Batting: RHB John Shaffer 0-0: Foul Ball, location: 2F
0-1: Ball
1-1: Fly out, F8 (Flyball, 8LS, EV 90.0 MPH)
Top of the 1st over - 0 runs, 0 hits, 0 errors, 0 left on base; Mahoning Valley 0 - Minnesota (NYP) 0
BOTTOM OF THE 1ST
Minnesota (NYP) Twins batting - Pitching for Mahoning Valley Scrappers : RHP Steven Costanza
Pitching: RHP Steven Costanza
Batting: RHB David McClellan 0-0: Ground out 5-3 (Groundball, 56, EV 95.6 MPH)
Batting: RHB Sergio Gomez 0-0: Called Strike
0-1: Ball
1-1: Ball
2-1: Foul Ball, location: 2F
2-2: Ground out 6-3 (Groundball, 6S, EV 84.4 MPH)
Batting: LHB Tomas Espino 0-0: Fly out, F6 (Popup, P, EV 83.8 MPH)
Bottom of the 1st over - 0 runs, 0 hits, 0 errors, 0 left on base; Mahoning Valley 0 - Minnesota (NYP) 0
TOP OF THE 2ND
Mahoning Valley Scrappers batting - Pitching for Minnesota (NYP) Twins : LHP Ricky Lopez
Batting: RHB Jose Argueta 0-0: Ball
1-0: Swinging Strike
1-1: Foul Ball, location: 2F
1-2: Ground out 5-3 (Groundball, 5S, EV 86.9 MPH)
Batting: RHB Justin Young 0-0: Called Strike
0-1: Ball
1-1: SOLO HOME RUN (Flyball, 9D, EV 105.0 MPH), Distance : 379 ft
Batting: LHB Matt Steinke 0-0: Ball
1-0: Foul Ball, location: 2F
1-1: Ball
2-1: Ball
3-1: Foul Ball, location: 2F
3-2: Strikes out swinging
Batting: RHB Leo Candelas 0-0: Ball
1-0: Ball
2-0: Ball
3-0: Foul Ball, location: 2F
3-1: Base on Balls
Batting: RHB Aaron Stout 0-0: Called Strike
0-1: Foul Ball, location: 2F
0-2: Ball
Leo Candelas is caught stealing 2nd base 2-4
Top of the 2nd over - 1 run, 1 hit, 0 errors, 0 left on base; Mahoning Valley 1 - Minnesota (NYP) 0
BOTTOM OF THE 2ND
Minnesota (NYP) Twins batting - Pitching for Mahoning Valley Scrappers : RHP Steven Costanza
Batting: RHB Steve Terrell 0-0: TRIPLE (Flyball, 78XD, EV 95.0 MPH)
Batting: LHB Ryuuichi Shintani 0-0: Called Strike
0-1: Ball
1-1: Swinging Strike
1-2: Ball
2-2: Strikes out swinging
Batting: RHB Alexandre Garcia 0-0: Called Strike
0-1: SINGLE (Groundball, 56, EV 98.8 MPH)
Steve Terrell scores
Batting: LHB Yasutoshi Hayashi 0-0: Swinging Strike
0-1: Called Strike
0-2: Ball
1-2: Strikes out swinging
Batting: LHB Ben Roth 0-0: Ball
Alexandre Garcia steals 2nd base
1-0: Foul Ball, location: 2F
1-1: Ball
2-1: DOUBLE (Flyball, 89D, EV 101.9 MPH)
Alexandre Garcia scores
Batting: SHB Juan Aguilar 0-0: Ball
1-0: Called Strike
1-1: Foul Ball, location: 2F
1-2: Strikes out looking
Bottom of the 2nd over - 2 runs, 3 hits, 0 errors, 1 left on base; Mahoning Valley 1 - Minnesota (NYP) 2
TOP OF THE 3RD
Mahoning Valley Scrappers batting - Pitching for Minnesota (NYP) Twins : LHP Ricky Lopez
Batting: RHB Aaron Stout 0-0: Ball
1-0: TRIPLE (Line Drive, 78XD, EV 105.6 MPH)
Batting: RHB Leo Villa 0-0: Ball
1-0: Ball
2-0: Ground out 6-3 (Groundball, 6, EV 84.4 MPH)
Aaron Stout scores
Batting: RHB Juan Ordonez 0-0: Called Strike
0-1: Ball
1-1: Bunt for hit to 15S - play at first, batter OUT! 1-3
Batting: RHB Ricky Cordova 0-0: Ball
1-0: Called Strike
1-1: Ball
2-1: Ball
3-1: Fly out, F4 (Popup, 4, EV 65.6 MPH)
Top of the 3rd over - 1 run, 1 hit, 0 errors, 0 left on base; Mahoning Valley 2 - Minnesota (NYP) 2
BOTTOM OF THE 3RD
Minnesota (NYP) Twins batting - Pitching for Mahoning Valley Scrappers : RHP Steven Costanza
Batting: RHB David McClellan 0-0: Ball
1-0: Swinging Strike
1-1: Swinging Strike
1-2: Strikes out swinging
Batting: RHB Sergio Gomez 0-0: Ground out 4-3 (Groundball, 4, EV 80.6 MPH)
Batting: LHB Tomas Espino 0-0: Fly out, F7 (Flyball, 7S, EV 91.9 MPH)
Bottom of the 3rd over - 0 runs, 0 hits, 0 errors, 0 left on base; Mahoning Valley 2 - Minnesota (NYP) 2
TOP OF THE 4TH
Mahoning Valley Scrappers batting - Pitching for Minnesota (NYP) Twins : LHP Ricky Lopez
Batting: RHB John Shaffer 0-0: Ball
1-0: Ball
2-0: Called Strike
2-1: Ground out 6-3 (Groundball, 6, EV 79.4 MPH)
Batting: RHB Jose Argueta 0-0: Ball
1-0: Ball
2-0: Ball
3-0: Called Strike
3-1: Swinging Strike
3-2: Fly out, F6 (Popup, 6, EV 53.1 MPH)
Batting: RHB Justin Young 0-0: Ball
1-0: Ball
2-0: Ball
3-0: Called Strike
3-1: Base on Balls
Batting: LHB Matt Steinke 0-0: Ball
1-0: Called Strike
1-1: Called Strike
1-2: Ball
2-2: Strikes out swinging
Top of the 4th over - 0 runs, 0 hits, 0 errors, 1 left on base; Mahoning Valley 2 - Minnesota (NYP) 2
BOTTOM OF THE 4TH
Minnesota (NYP) Twins batting - Pitching for Mahoning Valley Scrappers : RHP Steven Costanza
Batting: RHB Steve Terrell 0-0: Called Strike
0-1: Foul Ball, location: 2F
0-2: Ball
1-2: Strikes out swinging
Batting: LHB Ryuuichi Shintani 0-0: Ball
1-0: Called Strike
1-1: Called Strike
1-2: Strikes out swinging
Batting: RHB Alexandre Garcia 0-0: Called Strike
0-1: Ball
1-1: Foul Ball, location: 2F
1-2: Strikes out swinging, 2-3 out at first.
Bottom of the 4th over - 0 runs, 0 hits, 0 errors, 0 left on base; Mahoning Valley 2 - Minnesota (NYP) 2
TOP OF THE 5TH
Mahoning Valley Scrappers batting - Pitching for Minnesota (NYP) Twins : LHP Ricky Lopez
Batting: RHB Leo Candelas 0-0: Swinging Strike
0-1: SINGLE (Groundball, 56D, EV 107.5 MPH)
Batting: RHB Aaron Stout 0-0: Called Strike
0-1: Ball
Wild Pitch!
Leo Candelas to second
1-1: Foul Ball, location: 2F
1-2: Strikes out looking
Batting: RHB Leo Villa 0-0: Ball
1-0: Ball
2-0: Fly out, F9 (Flyball, 89S, EV 82.5 MPH)
Batting: RHB Juan Ordonez 0-0: Ball
1-0: Ball
2-0: Called Strike
2-1: Ball
3-1: Foul Ball, location: 2F
3-2: Ground out 4-3 (Groundball, 4, EV 100.6 MPH)
Top of the 5th over - 0 runs, 1 hit, 0 errors, 1 left on base; Mahoning Valley 2 - Minnesota (NYP) 2
BOTTOM OF THE 5TH
Minnesota (NYP) Twins batting - Pitching for Mahoning Valley Scrappers : RHP Steven Costanza
Batting: LHB Yasutoshi Hayashi 0-0: Called Strike
0-1: Called Strike
0-2: Strikes out swinging
Batting: LHB Ben Roth 0-0: Ball
1-0: Ball
2-0: Ball
3-0: Called Strike
3-1: Swinging Strike
3-2: Foul Ball, location: 2F
3-2: Ground out 6-3 (Groundball, 6M, EV 102.5 MPH)
Batting: SHB Juan Aguilar 0-0: Called Strike
0-1: Ball
1-1: Swinging Strike
1-2: Ball
2-2: Foul Ball, location: 2F
2-2: Foul Ball, location: 2F
2-2: SINGLE (Groundball, 34D, EV 100.6 MPH)
Batting: RHB David McClellan 0-0: Ball
1-0: Called Strike
1-1: SINGLE (Line Drive, 78M, EV 107.5 MPH)
Juan Aguilar to second
Batting: RHB Sergio Gomez 0-0: Ball
1-0: Ball
2-0: Called Strike
2-1: Ball
3-1: Foul Ball, location: 2F
3-2: Strikes out swinging
Bottom of the 5th over - 0 runs, 2 hits, 0 errors, 2 left on base; Mahoning Valley 2 - Minnesota (NYP) 2
TOP OF THE 6TH
Mahoning Valley Scrappers batting - Pitching for Minnesota (NYP) Twins : LHP Ricky Lopez
Pitching: RHP Chad Brock
Batting: RHB Ricky Cordova 0-0: Ball
1-0: Swinging Strike
1-1: Ground out 3-1 (Groundball, 34S, EV 76.2 MPH)
Batting: RHB John Shaffer 0-0: Called Strike
0-1: Foul Ball, location: 2F
0-2: Strikes out looking
Batting: RHB Jose Argueta 0-0: Foul Ball, location: 2F
0-1: Foul Ball, location: 2F
0-2: Fly out, F8 (Flyball, 8RM, EV 84.4 MPH)
Top of the 6th over - 0 runs, 0 hits, 0 errors, 0 left on base; Mahoning Valley 2 - Minnesota (NYP) 2
BOTTOM OF THE 6TH
Minnesota (NYP) Twins batting - Pitching for Mahoning Valley Scrappers : RHP Steven Costanza
Batting: LHB Tomas Espino 0-0: Ball
1-0: Called Strike
1-1: Ball
2-1: Ground out 4-3 (Groundball, 4, EV 87.5 MPH)
Batting: RHB Steve Terrell 0-0: Foul Ball, location: 2F
0-1: Ball
1-1: SINGLE (Line Drive, 7S, EV 108.8 MPH)
Batting: LHB Ryuuichi Shintani 0-0: Ball
1-0: Called Strike
1-1: Called Strike
1-2: Foul Ball, location: 2F
1-2: Ball
2-2: Ball
3-2: Fly out, F7 (Flyball, 7, EV 89.4 MPH)
Batting: RHB Alexandre Garcia 0-0: Fielders Choice at 2nd, 5-4 (Groundball, 56, EV 82.5 MPH)
Bottom of the 6th over - 0 runs, 1 hit, 0 errors, 1 left on base; Mahoning Valley 2 - Minnesota (NYP) 2
TOP OF THE 7TH
Mahoning Valley Scrappers batting - Pitching for Minnesota (NYP) Twins : RHP Chad Brock
Batting: RHB Justin Young 0-0: Ball
1-0: Foul Ball, location: 2F
1-1: Ball
2-1: SOLO HOME RUN (Flyball, 9D, EV 97.5 MPH), Distance : 395 ft
Batting: LHB Matt Steinke 0-0: SINGLE (Line Drive, 9S, EV 95.6 MPH)
Batting: RHB Leo Candelas 0-0: Called Strike
0-1: Called Strike
0-2: Strikes out looking
Batting: RHB Aaron Stout 0-0: Foul Ball, location: 2F
0-1: Ball
1-1: Foul Ball, location: 2F
1-2: Ball
Matt Steinke is caught stealing 2nd base 2-4
2-2: DOUBLE (Line Drive, 7LM, EV 109.4 MPH)
Batting: RHB Leo Villa 0-0: Ball
1-0: Foul Ball, location: 2F
1-1: SINGLE (Groundball, 34D, EV 106.2 MPH)
Aaron Stout to third
Runner from 3rd tries for Home, SAFE, throw by RF to home
Batting: RHB Juan Ordonez 0-0: Foul Ball, location: 2F
0-1: SINGLE (Groundball, P, EV 85.0 MPH) (infield hit)
Leo Villa to second
Pitching: RHP Cody Bryant
Batting: RHB Ricky Cordova 0-0: Foul Ball, location: 2F
0-1: Ball
1-1: Called Strike
1-2: Strikes out looking
Top of the 7th over - 2 runs, 5 hits, 0 errors, 2 left on base; Mahoning Valley 4 - Minnesota (NYP) 2
BOTTOM OF THE 7TH
Minnesota (NYP) Twins batting - Pitching for Mahoning Valley Scrappers : RHP Steven Costanza
Now in RF: Jaquan Brown
Batting: LHB Yasutoshi Hayashi 0-0: Ball
1-0: Ball
2-0: DOUBLE (Groundball, 3L, EV 103.1 MPH)
Batting: LHB Ben Roth 0-0: Called Strike
0-1: Fly out, F6 (Line Drive, 6, EV 68.8 MPH)
Batting: SHB Juan Aguilar 0-0: Ball
1-0: Foul Ball, location: 2F
1-1: Foul Ball, location: 2F
1-2: Ball
2-2: Ball
3-2: Ground out U3 (Groundball, 34, EV 90.0 MPH)
Yasutoshi Hayashi to third
Batting: RHB David McClellan 0-0: TRIPLE (Line Drive, 8RXD, EV 103.1 MPH)
Yasutoshi Hayashi scores
Batting: RHB Sergio Gomez 0-0: Fly out, F8 (Flyball, 78XD, EV 78.8 MPH)
Bottom of the 7th over - 1 run, 2 hits, 0 errors, 1 left on base; Mahoning Valley 4 - Minnesota (NYP) 3
TOP OF THE 8TH
Mahoning Valley Scrappers batting - Pitching for Minnesota (NYP) Twins : RHP Cody Bryant
Batting: RHB John Shaffer 0-0: Fly out, F9 (Flyball, 9, EV 83.8 MPH)
Batting: RHB Jose Argueta 0-0: Foul Ball, location: 2F
0-1: Ball
1-1: Foul Ball, location: 2F
1-2: Foul Ball, location: 2F
1-2: Ball
2-2: Hit by Pitch
Batting: RHB Justin Young 0-0: Ball
1-0: Foul Ball, location: 2F
1-1: Called Strike
Jose Argueta steals 2nd base
1-2: Strikes out swinging
Batting: LHB Matt Steinke 0-0: Foul Ball, location: 2F
0-1: Foul Ball, location: 2F
0-2: Ball
1-2: Foul Ball, location: 2F
1-2: Foul Ball, location: 2F
1-2: Ball
2-2: Ground out 5-3 (Groundball, 5S, EV 65.6 MPH)
Top of the 8th over - 0 runs, 0 hits, 0 errors, 1 left on base; Mahoning Valley 4 - Minnesota (NYP) 3
BOTTOM OF THE 8TH
Minnesota (NYP) Twins batting - Pitching for Mahoning Valley Scrappers : RHP Steven Costanza
Batting: LHB Tomas Espino 0-0: Called Strike
0-1: Ground out 4-3 (Groundball, 4, EV 83.8 MPH)
Batting: RHB Steve Terrell 0-0: Foul Ball, location: 2F
0-1: Swinging Strike
0-2: Ball
1-2: Ball
2-2: Ground out 5-3 (Groundball, 5, EV 100.0 MPH)
Batting: LHB Ryuuichi Shintani 0-0: Ball
1-0: Ball
2-0: Foul Ball, location: 2F
2-1: Foul Ball, location: 2F
2-2: SINGLE (Line Drive, 8LS, EV 101.9 MPH)
Pitching: RHP Danny Roe
Batting: RHB Alexandre Garcia 0-0: Foul Ball, location: 2F
0-1: Called Strike
0-2: Strikes out swinging
Bottom of the 8th over - 0 runs, 1 hit, 0 errors, 1 left on base; Mahoning Valley 4 - Minnesota (NYP) 3
TOP OF THE 9TH
Mahoning Valley Scrappers batting - Pitching for Minnesota (NYP) Twins : RHP Cody Bryant
Pitching: RHP Pat Adams
Batting: RHB Leo Candelas 0-0: Called Strike
0-1: Ball
1-1: Ball
2-1: Ball
3-1: Fly out, F8 (Flyball, 8LM, EV 87.5 MPH)
Batting: RHB Aaron Stout 0-0: Foul Ball, location: 2F
0-1: Fly out, F7 (Line Drive, 78M, EV 103.1 MPH)
Batting: RHB Jaquan Brown 0-0: Ball
1-0: SINGLE (Line Drive, 6MD, EV 96.2 MPH)
Batting: RHB Juan Ordonez 0-0: Called Strike
0-1: Foul Ball, location: 2F
0-2: Foul Ball, location: 2F
0-2: Ball
1-2: Ground out 6-3 (Groundball, 6S, EV 80.0 MPH)
Top of the 9th over - 0 runs, 1 hit, 0 errors, 1 left on base; Mahoning Valley 4 - Minnesota (NYP) 3
BOTTOM OF THE 9TH
Minnesota (NYP) Twins batting - Pitching for Mahoning Valley Scrappers : RHP Danny Roe
Batting: LHB Yasutoshi Hayashi 0-0: Foul Ball, location: 2F
0-1: Called Strike
0-2: Ball
1-2: Foul Ball, location: 2F
1-2: Strikes out swinging
Batting: LHB Ben Roth 0-0: Fly out, F8 (Line Drive, 8LM, EV 90.6 MPH)
Pinch Hitting: RHB Caleb Bockmann 0-0: Called Strike
0-1: Swinging Strike
0-2: Ball
1-2: Strikes out swinging
Bottom of the 9th over - 0 runs, 0 hits, 0 errors, 0 left on base; Mahoning Valley 4 - Minnesota (NYP) 3
Tuesday, March 28th , 2023 - OOTP Baseball 23.10 Build 110